 Dungeon Crawl Stone Soup version 0.22.1-2-g9c5b331 (webtiles) character file.

32 Tiagovsky the Firebug (level 3, 0/26 HPs)
             Began as a Draconian Fire Elementalist on Dec 27, 2018.
             Slain by an adder (4 damage)
             ... on level 2 of the Dungeon.
             The game lasted 00:16:50 (1868 turns).

Tiagovsky the Firebug (Draconian Fire Elementalist) Turns: 1868, Time: 00:16:51

Health: 0/26       AC:  5    Str: 10    XL:     3   Next: 10%
Magic:  0/6        EV: 12    Int: 21    God:
Gold:   90         SH:  0    Dex: 11    Spells: 4/7 levels left

rFire    . . .     SeeInvis .   f - +0 hunting sling
rCold    . . .     Gourm    .   (no shield)
rNeg     . . .     Faith    .   (armour unavailable)
rPois    .         Spirit   .   (helmet restricted)
rElec    .         Reflect  .   (no cloak)
rCorr    .         Harm     .   (no gloves)
MR       .....                  (no boots)
Stlth    ++........             (no amulet)
HPRegen  0.08/turn              (no ring)
MPRegen  0.10/turn              (no ring)

@: brilliant, lethally poisoned (0 -> -5)
A: unfitting armour, cold-blooded, AC +5
a: no special abilities


You were on level 2 of the Dungeon.
You were not hungry.

You visited 1 branch of the dungeon, and saw 2 of its levels.

You collected 90 gold pieces.

Inventory:

Hand Weapons
 f - a +0 hunting sling (weapon)
 j - a +0 dagger
 o - a +0 quarterstaff
 u - a +1 vampiric falchion
Missiles
 g - 24 poisoned needles
 i - 48 stones (quivered)
Armour
 n - a +1 robe of magic resistance
 r - a +0 shield
Jewellery
 t - a +5 amulet of reflection {unknown}
Scrolls
 a - 2 scrolls of enchant weapon {unknown}
 c - 3 scrolls of remove curse {unknown}
 e - a scroll of blinking {unknown}
 q - a scroll of identify {unknown}
Potions
 h - a potion of heal wounds {unknown}
 k - a potion of curing
 l - 2 potions of might {unknown}
 m - a potion of invisibility {unknown}
 s - a potion of degeneration {unknown}
Comestibles
 b - a ration
 p - 2 chunks of flesh


   Skills:
 + Level 1.1 Slings
 - Level 0.3(0.8) Throwing
 - Level 1.7 Dodging
 - Level 1.7 Stealth
 + Level 2.5 Spellcasting
 - Level 1.0 Conjurations
 + Level 3.4 Fire Magic


You had 4 spell levels left.
You knew the following spells:

 Your Spells              Type           Power        Failure   Level  Hunger
a - Flame Tongue          Conj/Fire      ###..        1%          1    None
b - Throw Flame           Conj/Fire      ###...       1%          2    ##.....

Your spell library contained the following spells:

 Spells                   Type           Power        Failure   Level  Hunger
 Conjure Flame            Conj/Fire      ###.....     2%          3    ###....
 Inner Flame              Hex/Fire       ###.....     2%          3    ###....
 Sticky Flame             Conj/Fire      ###.....     7%          4    ####...
 Fireball                 Conj/Fire      ###.......   16%         5    ######.


Dungeon Overview and Level Annotations

Branches:
Dungeon (2/15)

Altars:
Okawaru


Innate Abilities, Weirdness & Mutations

Your plain brown scales are hard. (AC +5)
You cannot fit into any form of body armour.
You are cold-blooded and may be slowed by cold attacks.


Message History

Confirm with . or Enter, or press ? or * to list all spells.
Aiming: Flame Tongue (safe; 8% risk of failure)
Press: ? - help, Shift-Dir - straight line, f/p - adder
Aim: an adder (almost dead)
The flame tongue hits the adder.
The adder is almost dead.
The adder bites you.
* * * LOW HITPOINT WARNING * * *
Firing (i - inventory)
i - 49 stones (quivered)
Press: ? - help, Shift-Dir - straight line, f/p - adder
Aim: an adder (almost dead)
You shoot a stone. The stone closely misses the adder.
You feel sick. The adder bites you but does no damage. The adder bites you.
* * * LOW HITPOINT WARNING * * *
You are lethally poisoned!
The adder poisons you!
It was a potion of brilliance.
You feel clever all of a sudden. The adder bites you.
You die...

### #.# #########.#
#.......#.#
#######.#####.#.#
#.....#.# #...#
#.....#.#######.###.
#.....#.#.........#.#
#.....#@#.##......#.#
#......S...'......#.####
.......#(#.##......#.##..
###+#..(....##.....#.##..
#.##.#.###.#####.##.. #.
#.>............'.. #.
#((.......##..##..
#.##(#.....#.##..##..
..(..#####.##..##..


You could see an adder.

Vanquished Creatures
  A worm (D:2)
  A leopard gecko (D:2)
  4 bats
  2 giant cockroaches (D:1)
  A goblin (D:1)
  3 hobgoblins (D:2)
  3 jackals (D:2)
  2 frilled lizards
  5 kobolds
  4 rats
26 creatures vanquished.

Notes
Turn   | Place    | Note
-------+----------+-------------------------------------------
     0 | D:1      | Tiagovsky the Draconian Fire Elementalist began the quest
                  | for the Orb.
     0 | D:1      | Reached XP level 1. HP: 14/14 MP: 3/3
   747 | D:1      | Reached XP level 2. HP: 20/20 MP: 5/5
   923 | D:1      | Learned a level 2 spell: Throw Flame
  1521 | D:2      | Reached skill level 1 in Slings
  1640 | D:2      | Reached XP level 3. HP: 26/26 MP: 1/6
  1750 | D:2      | Found an iron altar of Okawaru.
  1868 | D:2      | Slain by an adder

Skill      XL: |  1  2 |
---------------+-------+-----
Slings         | 1 |  1.1
Throwing       | |  0.3
Dodging        | |  1.7
Stealth        | |  1.7
Spellcasting   | |  2.5
Conjurations   | |  1.0
Fire Magic     | |  3.4

Action                   || total
-------------------------++-------
 Fire: Hunting sling     ||    61
 Cast: Flame Tongue      ||    35
       Throw Flame       ||     1
  Use: Potion            ||     1
  Eat: Chunk             ||     3
Armor: Skin              ||    24
Dodge: Dodged            ||    40
